 Dungeon Crawl Stone Soup version 0.18-a0-1171-ga8e22e7 (webtiles) character file.

121 TheOrbIsALie the Insei (level 4, -6/35 HPs)
             Began as a Demonspawn Monk on Jan 26, 2016.
             Killed from afar by Natasha (8 damage)
             ... with a wand of magic darts
             ... on level 3 of the Dungeon.
             The game lasted 00:02:54 (1851 turns).

TheOrbIsALie the Insei (Demonspawn Monk)            Turns: 1851, Time: 00:02:55

Health: -6/35      AC:  7    Str: 12    XL:     4   Next: 76%
Magic:  4/4        EV: 12    Int: 12    God:
Gold:   95         SH:  0    Dex: 15    Spells: 0 memorised, 3 levels left

rFire  . . .     SeeInvis .       - Unarmed
rCold  . . .     Gourm    +     h - +0 leather armour (curse)
rNeg   . . .     Faith    .     (no shield)
rPois  .         Spirit   .     i - +1 helmet
rElec  .         Dismiss  .     (no cloak)
rCorr  .         Reflect  .     (no gloves)
SustAt .         Harm     .     (no boots)
MR     .....                    p - amulet of the gourmand
Stlth  ++........               (no ring)
                                (no ring)

@: not resistant to hostile enchantments, unstealthy
A: talons 1, thin metallic scales 1
a: no special abilities


You were on level 3 of the Dungeon.
You were not hungry.

You visited 1 branch of the dungeon, and saw 3 of its levels.

You collected 95 gold pieces.

Inventory:

Armour
 a - a +0 robe
 h - a cursed +0 leather armour (worn)
 i - a +1 helmet (worn)
Jewellery
 p - an amulet of the gourmand (around neck)
Scrolls
 c - a scroll of immolation {unknown}
 f - a scroll of teleportation {unknown}
 n - a scroll of remove curse {unknown}
 o - a scroll of random uselessness {unknown}
 r - 4 scrolls of identify {unknown}
 t - 3 scrolls of recharging {unknown}
 v - 2 scrolls of blinking {unknown}
Potions
 d - a potion of brilliance {unknown}
 e - a potion of magic {unknown}
 g - 2 potions of might {unknown}
 j - 2 potions of flight {unknown}
 k - a potion of agility {unknown}
 l - a potion of resistance {unknown}
 q - a potion of cancellation {unknown}
 s - a potion of poison {unknown}
Books
 m - a book of Fire

   Spells                             Type                      Level
   a - Ignite Poison                  Fire/Transmutation/Poison    3
   b - Fireball                       Conjuration/Fire             5
   c - Bolt of Fire                   Conjuration/Fire             6
   d - Delayed Fireball               Conjuration/Fire             7
   e - Ring of Flames                 Charms/Fire                  7
Comestibles
 b - 2 bread rations
 u - 2 meat rations


   Skills:
 - Level 3.0 Fighting
 - Level 2.6 Dodging
 - Level 1.7 Stealth
 + Level 5.6 Unarmed Combat


You had 3 spell levels left.
You didn't know any spells.

Dungeon Overview and Level Annotations

Branches:
Dungeon (3/15)

Altars:
Qazlal
Vehumet

Annotations:
D:3 Natasha


Innate Abilities, Weirdness & Mutations

You have sharp toenails.
You are partially covered in thin metallic scales (AC +2).


Message History

Natasha is heavily wounded.
The white imp hits you. The white imp freezes you.
You hit Natasha but do no damage. Your kick misses Natasha.
Natasha is heavily wounded.
Natasha zaps a wand.
The magic dart hits you!
* * * LOW HITPOINT WARNING * * *
You hit Natasha but do no damage.
Natasha is heavily wounded.
The white imp sputters.
The white imp hits you but does no damage.
Natasha claws you.
* * * LOW HITPOINT WARNING * * *
You closely miss Natasha. You claw Natasha.
Natasha is heavily wounded.
The white imp hits you.
* * * LOW HITPOINT WARNING * * *
The white imp freezes you.
* * * LOW HITPOINT WARNING * * *
Natasha zaps a wand.
The magic dart hits you!
You die...

#.............
#...##.#.......... #...##
##......... #########..#
(..#######. #.(........#
###.####....
#..........##.###......##.
#..........#......# #....
#.........5..# ##...
#........@h.# #..##
#.....††...## #...#
#.........?# ..##
#.........$# ###
######..##.# ##.## .# #..#
.. #.## ### #.....# #.#
#.....#


You could see Natasha and a white imp.

Vanquished Creatures
  Natasha (D:3)
  4 adders
  An ooze (D:3)
  A worm (D:2)
  3 giant geckos
  An orc (D:3)
  2 ball pythons (D:2)
  8 bats
  2 giant cockroaches
  7 goblins
  6 hobgoblins
  3 jackals (D:3)
  A quokka (D:2)
  A giant newt (D:3)
  7 kobolds
  4 rats
52 creatures vanquished.

Notes
Turn   | Place    | Note
--------------------------------------------------------------
     0 | D:1      | TheOrbIsALie the Demonspawn Monk began the quest for the Orb.
     0 | D:1      | Reached XP level 1. HP: 18/18 MP: 1/1
   503 | D:1      | Reached skill level 4 in Unarmed Combat
   596 | D:1      | Gained mutation: You are partially covered in thin metallic scales (AC +2). [demonic ancestry]
   596 | D:1      | Reached XP level 2. HP: 16/24 MP: 2/2
   665 | D:2      | Found a radiant altar of Vehumet.
   917 | D:2      | Reached XP level 3. HP: 26/29 MP: 3/3
  1072 | D:2      | Reached skill level 5 in Unarmed Combat
  1355 | D:3      | Gained mutation: You have sharp toenails. [demonic ancestry]
  1355 | D:3      | Reached XP level 4. HP: 32/35 MP: 4/4
  1439 | D:3      | Noticed Natasha
  1449 | D:3      | Killed Natasha
  1748 | D:3      | Found a stormy altar of Qazlal.
  1836 | D:3      | Noticed Natasha
  1851 | D:3      | Killed from afar by Natasha

Vault maps used:
D:1:      dpeg_arrival_central, serial_bayou_pond_c, st_stairs_2,
          minmay_misc_feat_roman, hangedman_decor_growths
D:2:      old_standard_altar
D:3:      lemuel_doored_altar, grunt_ministairs_1, uniq_natasha

Action                   |  1- 3 |  4- 6 || total
-------------------------+-------+-------++-------
Melee: Unarmed           |   140 |    84 ||   224
 Stab: Sleeping          |     4 |       ||     4
       Distracted        |     1 |       ||     1
  Eat: Chunk             |     9 |     3 ||    12
